 Dungeon Crawl Stone Soup version 0.28.0 (webtiles) character file.

Game seed: 9018223730994994015

1866 Minsecho the Cleaver (level 9, -2/75 HPs)
             Began as a Hill Orc Fighter on Feb 10, 2022.
             Was a Follower of Okawaru.
             Slain by a gnoll sergeant (8 damage)
             ... on level 6 of the Dungeon.
             The game lasted 00:11:44 (7388 turns).

Minsecho the Cleaver (Hill Orc Fighter)             Turns: 7388, Time: 00:11:45

Health: -2/75      AC: 10    Str: 23    XL:     9   Next: 13%
Magic:  12/12      EV: 10    Int:  8    God:    Okawaru [*.....]
Gold:   210        SH:  4    Dex: 10    Spells: 8/8 levels left

rFire   . . .      SeeInvis .   a - +0 war axe
rCold   . . .      Faith    .   o - +0 buckler {reflect}
rNeg    . . .      Spirit   .   b - +0 scale mail
rPois   .          Reflect  +   (no helmet)
rElec   .          Harm     .   w - +0 cloak
rCorr   .          Rampage  .   l - +0 pair of gloves
Will    .....                   (no boots)
Stlth   ..........              (no amulet)
HPRegen 0.22/turn               (no ring)
MPRegen 0.13/turn               (no ring)

@: mighty
A: no striking features
a: Renounce Religion, Heroism


You were on level 6 of the Dungeon.
You worshipped Okawaru.
Okawaru was aware of your devotion.
You visited 2 branches of the dungeon, and saw 7 of its levels.

You collected 390 gold pieces.
You spent 180 gold pieces at shops.

Inventory:

Hand Weapons
 a - a +0 war axe (weapon)
Missiles
 q - 8 boomerangs (quivered)
Armour
 b - a +0 scale mail (worn)
 c - a +0 buckler
 l - a +0 pair of gloves (worn)
 n - the +2 robe of Adov {Drain Slay+5}
   (You found it on level 3 of the Dungeon)

   Slay:      It affects your accuracy & damage with ranged weapons and melee
   (+5).
   Drain:     It drains your maximum health when unequipped.
 o - a +0 buckler of reflection (worn)
 p - a +1 leather armour of cold resistance
 w - a +0 cloak (worn)
Jewellery
 u - a +6 ring of intelligence
Scrolls
 d - a scroll of silence {unknown}
 e - 2 scrolls of enchant armour {unknown}
 f - a scroll of fog {unknown}
 g - a scroll of brand weapon {unknown}
 h - a scroll of summoning {unknown}
 j - 2 scrolls of vulnerability
 k - a scroll of teleportation {unknown}
 r - a scroll of enchant weapon {unknown}
 t - 2 scrolls of blinking {unknown}
Potions
 i - a potion of lignification
 m - a potion of flight
 s - 3 potions of attraction


   Skills:
 + Level 6.3 Fighting
 + Level 9.4 Axes
 + Level 6.8 Armour
 + Level 2.3 Dodging
 + Level 1.5 Stealth
 + Level 4.3 Shields
 * Level 4.5 Invocations
 + Level 1.2 Evocations


You had 8 spell levels left.
You didn't know any spells.
Your spell library contained the following spells:

 Spells                   Type           Power      Damage    Failure   Level
 Beastly Appendage        Tmut           0%         N/A       78%         1
 Wereblood                Tmut           0%         N/A       89%         2
 Frozen Ramparts          Ice            0%         1d2       98%         3
 Spider Form              Tmut/Pois      0%         N/A       98%         3
 Ice Form                 Ice/Tmut       0%         N/A       100%        4
 Summon Small Mammal      Summ           Unusable   N/A       N/A         1
 Summon Ice Beast         Ice/Summ       Unusable   N/A       N/A         4

Dungeon Overview and Level Annotations

Branches:
Dungeon (6/15)             Temple (1/1) D:5

Altars:
Ashenzari
Cheibriados
Dithmenos
Elyvilon
Fedhas
Gozag
Hepliaklqana
Makhleb
Nemelex Xobeh
Okawaru
Qazlal
Ru
Sif Muna
Trog
Uskayaw
Vehumet
Wu Jian
Xom
Yredelemnul
Zin
The Shining One

Shops:
D:1 *:[[(   D:5 =*

Annotations:
D:6 Prince Ribbit


Message History

The gnoll sergeant closely misses you.
Things that are here:
a +0 halberd; a gnoll corpse You hit the gnoll sergeant.
The gnoll sergeant is lightly wounded.
You closely miss Prince Ribbit. Prince Ribbit closely misses you.
The gnoll sergeant hits you with a +0 spear.
Prince Ribbit hits you!
You barely miss the gnoll sergeant.
The gnoll sergeant is lightly wounded.
You hit Prince Ribbit but do no damage. Prince Ribbit barely misses you.
The gnoll sergeant hits you with a +0 spear.
* * * LOW HITPOINT WARNING * * *
You hit the gnoll sergeant.
The gnoll sergeant is moderately wounded.
You closely miss Prince Ribbit. Prince Ribbit hits you.
* * * LOW HITPOINT WARNING * * *
The gnoll sergeant hits you with a +0 spear.
* * * LOW HITPOINT WARNING * * *
You feel very mighty all of a sudden. Prince Ribbit barely misses you.
The gnoll sergeant hits you with a +0 spear.
* * * LOW HITPOINT WARNING * * *
Prince Ribbit barely misses you. The gnoll sergeant blocks your attack.
The gnoll sergeant is moderately wounded.
You miss Prince Ribbit. Prince Ribbit closely misses you.
The gnoll sergeant barely misses you.
You slash the gnoll sergeant!
The gnoll sergeant is almost dead.
You miss Prince Ribbit. Prince Ribbit barely misses you.
You block the gnoll sergeant's attack.
Prince Ribbit blinks!
The gnoll sergeant blocks your attack.
The gnoll sergeant is almost dead.
The gnoll sergeant hits you with a +0 spear.
* * * LOW HITPOINT WARNING * * *
The gnoll sergeant blocks your attack.
The gnoll sergeant is almost dead.
The gnoll sergeant hits you with a +0 spear!
You die...

..>#....########..###### #.#
...#....#............... ..
#'##....#............... ...
..).....#'#####..###... ##
.............###'##
.............#..F.+
.............+....#
....##'#.....###)## #####
....+..#.......#@# ########..##
....#..'.......#g)...#....#.....'
....#..#.......#.....+....#.....#
....#..#.......+.....#....#.....#
....#..#.......#.....##..####...#
....'..#.......#+##..##.†####...#
....#####+###.. #..##..<.'....#
........#...# . #........#....#
####....#...# #........#....#


You could see Prince Ribbit and a gnoll sergeant.

Vanquished Creatures
  2 orc warriors
  A black bear (D:6)
  A hornet zombie (D:6)
  An ice beast (D:4)
  An ogre (D:5)
  A centaur (D:5)
  A gnoll sergeant (D:5)
  3 scorpions
  A water moccasin skeleton (D:5)
  4 wights (D:5)
  A howler monkey (D:4)
  2 bullfrog zombies
  A centaur skeleton (D:5)
  A hound (D:5)
  Crazy Yiuf (D:3)
  A bullfrog skeleton (D:5)
  An orc priest (D:4)
  A jelly (D:6)
  Terence (D:3)
  3 iguanas
  4 orc wizards
  A killer bee zombie (D:5)
  A hound zombie (D:5)
  2 hound skeletons
  11 gnolls
  7 adders
  A white imp (D:6)
  4 worms
  An adder skeleton (D:4)
  A dart slug (D:1)
  5 orcs
  8 ball pythons
  8 bats
  3 endoplasms
  3 giant cockroaches
  2 goblins (D:1)
  5 hobgoblins
  A jackal (D:4)
  3 quokkas
  3 frilled lizards
  9 kobolds
  3 rats
115 creatures vanquished.

Vanquished Creatures (others)
  60 plants (D:4)
60 creatures vanquished.

Grand Total: 175 creatures vanquished

Notes
Turn   | Place    | Note
-------+----------+-------------------------------------------
     0 | D:1      | Minsecho the Hill Orc Fighter began the quest for the Orb.
     0 | D:1      | Reached XP level 1. HP: 19/19 MP: 1/1
    17 | D:1      | Found Bogoib's Assorted Antiques.
   135 | D:1      | Reached skill level 3 in Axes
   142 | D:1      | Reached XP level 2. HP: 27/27 MP: 2/2
   149 | D:1      | Found Odeacaj's Armour Shoppe.
   447 | D:1      | Found Guav's Book Shop.
   619 | D:1      | Found Togehoso's Weapon Shop.
   687 | D:1      | Reached XP level 3. HP: 25/33 MP: 3/3
   846 | D:1      | Found Gyohuam's Antique Armour Shoppe.
   976 | D:2      | Reached skill level 4 in Axes
  1126 | D:2      | Reached XP level 4. HP: 40/40 MP: 4/4
  1657 | D:3      | Found a faded altar of an unknown god.
  1679 | D:3      | Got Plato's Guide on Companions
  1696 | D:3      | Noticed Terence
  1706 | D:3      | Killed Terence
  1966 | D:3      | Identified the +2 robe of Adov {Drain Slay+5}
  2274 | D:3      | Reached XP level 5. HP: 46/46 MP: 5/5
  2311 | D:3      | Reached skill level 5 in Axes
  2654 | D:3      | Found a runed translucent door.
  2655 | D:3      | Noticed Crazy Yiuf
  2688 | D:3      | Killed Crazy Yiuf
  3198 | D:4      | Noticed an orc warrior
  3207 | D:4      | Killed an orc warrior
  3208 | D:4      | Reached skill level 6 in Axes
  3208 | D:4      | Reached skill level 1 in Dodging
  3208 | D:4      | Reached XP level 6. HP: 12/53 MP: 6/6
  3564 | D:4      | Noticed an ice beast
  3574 | D:4      | Killed an ice beast
  3575 | D:4      | Reached skill level 5 in Armour
  3954 | D:4      | Reached XP level 7. HP: 60/60 MP: 7/7
  4164 | D:5      | Entered Level 5 of the Dungeon
  4164 | D:5      | Found Sotaniq's Jewellery Emporium.
  4164 | D:5      | Found Firipp's General Store.
  4174 | D:5      | Bought a potion of haste for 150 gold pieces
  4174 | D:5      | Bought a scroll of identify for 30 gold pieces
  4409 | D:5      | Found a staircase to the Ecumenical Temple.
  4431 | D:5      | Reached skill level 7 in Axes
  4576 | Temple   | Entered the Ecumenical Temple
  4874 | Temple   | Became a worshipper of Warmaster Okawaru
  5096 | D:5      | Found a white marble altar of Elyvilon.
  5107 | D:5      | Reached skill level 5 in Fighting
  5159 | D:5      | Found a hide-covered altar of Uskayaw.
  5204 | D:5      | Reached skill level 1 in Stealth
  5212 | D:5      | Reached skill level 1 in Invocations
  5219 | D:5      | Reached XP level 8. HP: 27/68 MP: 7/9
  5529 | D:5      | Reached * piety under Okawaru
  5530 | D:5      | Reached skill level 8 in Axes
  5860 | D:5      | Reached skill level 1 in Evocations
  6181 | D:5      | Found a stormy altar of Qazlal.
  6757 | D:6      | Reached skill level 9 in Axes
  6884 | D:6      | Reached XP level 9. HP: 20/75 MP: 12/12
  7365 | D:6      | Noticed Prince Ribbit
  7388 | D:6      | Slain by a gnoll sergeant

Illustrated notes

Levels and vault maps discovered:
D:1:      minmay_arrival_semitransparent, layout_loops_ring, serial_shops, shop,
          nicolae_shop_advertising_works [nicolae_subvault_shop_adworks],
          nicolae_lakefront_shop, nicolae_diamond_shop, shop_fountains,
          minivault_24
D:2:      layout_loops_ring
D:3:      layout_loops_ring, shapermc_ecumenical_altar_rom_forum, minivault_5,
          kennysheep_generic_room_15, uniq_terence, uniq_crazy_yiuf_cottage
D:4:      layout_loops_ring, serial_bayou, serial_bayou_pond_e,
          serial_bayou_pond_c, serial_bayou_lagoon_a, serial_bayou_crossing,
          serial_bayou_pond_b, serial_bayou_ford_a
D:5:      layout_gridville, mainiacjoe_overflow_big_doors,
          nicolae_qazlal_general_emergency, temple_doors_cd, serial_shops,
          shop_fountains, nicolae_stop_n_shop_1, roderic_serpentine_path
D:6:      layout_gridville, uniq_prince_ribbit1
Temple:   dpeg_five_rooms_temple

Skill      XL: |  1  2  3  4  5  6  7  8 |
---------------+-------------------------+-----
Axes           | 3 4 6 7 9 |  9.4
Armour         | 4 5 6 |  6.8
Fighting       | 4 5 6 |  6.3
Dodging        | 1 2 |  2.3
Shields        | 4 |  4.3
Stealth        | 1 |  1.5
Invocations    | 1 4 |  4.5
Evocations     | 1 |  1.2

Action                   |  1- 3 |  4- 6 |  7- 9 || total
-------------------------+-------+-------+-------++-------
Melee: War axe           |   101 |   127 |   226 ||   454
Invok: Heroism           |       |       |     1 ||     1
Evoke: Wand              |       |     4 |     3 ||     7
  Use: Potion            |       |     2 |     3 ||     5
       Scroll            |       |       |     6 ||     6
 Stab: Paralysed         |       |     2 |       ||     2
Armor: Scale mail        |    54 |    51 |    84 ||   189
Dodge: Dodged            |    55 |    51 |   117 ||   223
Block: Buckler           |    22 |    22 |    40 ||    84
